 Dungeon Crawl Stone Soup version 0.29-a0-1065-g47a6bb87d6 (webtiles) character file.

Game seed: 8380640413162503654

1 drugrobin the Sneak (level 1, -8/18 HPs)
             Began as a Demigod Delver on Aug 18, 2022.
             Killed by divine providence
             ... invoked by an orc priest
              (12 damage)
             ... on level 4 of the Dungeon.
             The game lasted 00:00:27 (41 turns).

drugrobin the Sneak (Demigod Delver)                  Turns: 41, Time: 00:00:28

Health: -8/18      AC:  3    Str: 13    XL:     1   Next: 13%
Magic:  3/3        EV: 12    Int: 12    God:
Gold:   24         SH:  0    Dex: 15    Spells: 0/0 levels left

rFire   . . .      SeeInvis .   a - +0 hand axe
rCold   . . .      Faith    .   (no shield)
rNeg    . . .      Spirit   .   b - +0 leather armour
rPois   .          Reflect  .   (no helmet)
rElec   .          Harm     .   (no cloak)
rCorr   .          Rampage  .   (no gloves)
Will    .....                   (no boots)
Stlth   +++.......              (no amulet)
HPRegen 0.06/turn               (no ring)
MPRegen 0.08/turn               (no ring)

@: no status effects
A: high MP 1, forlorn, divine attributes
a: no special abilities


You were on level 4 of the Dungeon.
You visited 1 branch of the dungeon, and saw 2 of its levels.

You collected 24 gold pieces.

Inventory:

Hand Weapons
 a - a +0 hand axe (weapon)
Missiles
 i - 4 boomerangs (quivered)
Armour
 b - a +0 leather armour (worn)
 h - a +0 scale mail
Wands
 g - a wand of digging (3)
Scrolls
 c - a scroll of fog
 d - a scroll of magic mapping
 e - a scroll of fear
Potions
 f - a potion of haste


   Skills:
 + Level 2.7 Fighting
 + Level 1.8 Axes
 + Level 1.8 Dodging
 + Level 4.5 Stealth


You couldn't memorise any spells.
You didn't know any spells.
Your spell library was empty.

Dungeon Overview and Level Annotations

Branches:
Dungeon (5/15)
 Temple: D:4-7

Annotations:
D:4 exclusion: orc


Innate Abilities, Weirdness & Mutations

You have an increased reservoir of magic. (+10% MP)
You shall have no god before yourself.
Your divine heritage dramatically boosts your attributes as you level up.


Message History

The endoplasm quivers.
The orc priest shouts!
The orc priest mumbles some strange prayers to Beogh against you.
Beogh smites you!
Ouch! That really hurt!
An orc wizard comes into view. It is wielding a +0 dagger.
The orc wizard shouts!
Unknown command.
The endoplasm barely misses you. The giant cockroach bites you.
Unknown command.
Unknown command.
You hit the endoplasm but do no damage. You closely miss the giant cockroach.
The giant cockroach misses you. The endoplasm freezes you.
You are frozen.
The orc priest looks braver for a moment.
Unknown command.
Unknown command.
You hit the endoplasm.
You kill the endoplasm!
You hit the giant cockroach but do no damage.
The giant cockroach bites you but does no damage.
Unknown command.
Unknown command.
The giant cockroach barely misses you.
The giant cockroach attacks as you move away!
The giant cockroach bites you but does no damage.
The giant cockroach waves its antennae.
The giant cockroach attacks as you move away!
The giant cockroach bites you.
* * * LOW HITPOINT WARNING * * *
Unknown command.
The giant cockroach attacks as you move away!
The giant cockroach barely misses you.
Found 18 gold pieces.
Found a stone staircase leading up.
The giant cockroach misses you.
The orc priest mumbles some strange prayers to Beogh against you.
Beogh smites you!
Ouch! That really hurt!
You die...

...........##
......>..#o.
#######..#.###
### #..#.# .
.<.
#....#.#)#.###
##
##.......#...
..
#o#.##.....##.#
#.#... .#$....#
#.#######@..#
#?o.oo.B..#..#
###########
.... ####


You could see an orc priest, an orc wizard, an orc and a giant cockroach.

Vanquished Creatures
  An endoplasm (D:4)
1 creature vanquished.

Notes
Turn   | Place    | Note
-------+----------+-------------------------------------------
     0 | D:5      | drugrobin the Demigod Delver began the quest for the Orb.
     0 | D:5      | Reached XP level 1. HP: 18/18 MP: 3/3
    27 | D:4      | Noticed an orc priest
    31 | D:4      | Noticed an orc wizard
    41 | D:4      | Killed from afar by an orc priest

Illustrated notes

Levels and vault maps discovered:
D:4:      layout_basic
D:5:      layout_layer_cave, minmay_temple_entry_waves,
          kennysheep_pointless_box, roderic_serpentine_path, uniq_ijyb

Action                   || total
-------------------------++-------
Melee: Hand axe          ||     2
Armor: Leather armour    ||     2
Dodge: Dodged            ||     5

Table legend: (Time is in decaauts)
 A = Elapsed time spent in this place.
 B = Non-inter-level travel time spent in this place.
 C = Inter-level travel time spent in this place.
 D = Time resting spent in this place.
 E = Time spent auto-exploring this place.
 F = Levels seen in this place.
 G = Mean time per level.
                   A        B        C        D        E       F      G
               +--------+--------+--------+--------+--------+-----+--------+
         Total |     41 |     41 |      0 |      0 |      5 |   2 |   20.5 |
       Dungeon |     41 |     41 |      0 |      0 |      5 |   2 |   20.5 |
               +--------+--------+--------+--------+--------+-----+--------+

Top non-repeatable levels by time:
     D:5: 22 daAuts
     D:4: 19 daAuts
